 Dungeon Crawl Stone Soup version 0.30.1-11-g7821555f0a (webtiles) character file.

Game seed: 7210852410793578079

4683 Janerl the Skirmisher (level 10, -1/78 (79) HPs)
             Began as a Gnoll Hunter on Nov 6, 2023.
             Slain by a wight
             ... wielding a +3 dagger
              (9 damage)
             ... on level 10 of the Dungeon on Nov 10, 2023.
             The game lasted 00:59:17 (8666 turns).

Janerl the Skirmisher (Gnoll Hunter)                Turns: 8666, Time: 00:59:18

HP:   -1/78 (79)    AC: 15    Str: 11    XL:     10   Next: 44%
MP:   18/18         EV: 18    Int: 11    God:
Gold: 476           SH:  0    Dex: 23    Spells: 20/20 levels left

rFire   + . .        b - +4 flail (drain)
rCold   + . .        (no shield)
rNeg    . . .        F - +2 robe {rC+ rF+}
rPois   .            i - +2 hat
rElec   .            l - +0 cloak
rCorr   .            d - +0 pair of gloves
SInv    .            (no boots)
Will    +....        (no amulet)
Stlth   ++++         y - +4 ring of protection
HPRegen 0.33/turn    L - +6 ring of dexterity
MPRegen 0.16/turn

%: no passive effects
@: lightly drained
A: fangs 1, strong nose, distributed training, antennae 1, iridescent scales 1,
strong-willed 1, evolution 1
a: no special abilities


You were on level 10 of the Dungeon.
You visited 1 branch of the dungeon, and saw 10 of its levels.

You collected 476 gold pieces.

Inventory:

Hand Weapons
 a - a +3 shortbow
 b - a +4 flail of draining (weapon)
 t - a +1 great sword of electrocution
 I - the +5 sling of Domination {heavy, Str+4}
   (You found it on level 9 of the Dungeon)

   Str:       It affects your strength (+4).
 M - a +4 halberd
 P - a +2 whip of freezing
Armour
 d - a +0 pair of gloves (worn)
 i - a +2 hat (worn)
 l - a +0 cloak (worn)
 A - a +1 leather armour of cold resistance
 F - a +2 robe of resistance (worn)
Jewellery
 q - an amulet of faith
 y - a +4 ring of protection (left hand)
 E - a ring of magical power
 G - an amulet of magic regeneration
 L - a +6 ring of dexterity (right hand)
Wands
 m - a wand of flame (13)
 z - a wand of acid (3)
 H - a wand of paralysis (11)
 J - a wand of mindburst (20)
Scrolls
 e - 6 scrolls of teleportation
 f - 3 scrolls of amnesia {unknown}
 g - 2 scrolls of vulnerability
 h - 5 scrolls of identify
 j - a scroll of enchant weapon {unknown}
 k - 2 scrolls of blinking {unknown}
 n - 4 scrolls of enchant armour
 u - 4 scrolls of poison
 w - a scroll of torment {unknown}
 B - 3 scrolls of immolation
 C - 4 scrolls of magic mapping
 K - a scroll of fear {unknown}
 N - a scroll of fog {unknown}
Potions
 c - a potion of resistance
 o - 5 potions of might
 r - 3 potions of magic
 s - a potion of invisibility
 v - a potion of cancellation {unknown}
 x - a potion of brilliance {unknown}
 D - a potion of flight {unknown}


   Skills:
 + Level 7.2 Fighting
 + Level 5.5 Short Blades
 + Level 5.5 Long Blades
 + Level 5.5 Axes
 + Level 5.5 Maces & Flails
 + Level 5.5 Polearms
 + Level 5.5 Staves
 + Level 10.2 Ranged Weapons
 + Level 5.5 Throwing
 + Level 5.5 Armour
 + Level 7.2 Dodging
 + Level 6.0 Stealth
 + Level 5.5 Shields
 + Level 5.5 Unarmed Combat
 + Level 5.5 Spellcasting
 + Level 4.5 Conjurations
 + Level 4.5 Hexes
 + Level 4.5 Summonings
 + Level 4.5 Necromancy
 + Level 4.5 Translocations
 + Level 4.5 Transmutations
 + Level 4.5 Fire Magic
 + Level 4.5 Ice Magic
 + Level 4.5 Air Magic
 + Level 4.5 Earth Magic
 + Level 4.5 Poison Magic
 + Level 6.0 Invocations
 + Level 5.5 Evocations


You had 20 spell levels left.
You didn't know any spells.
Your spell library contained the following spells:

 Spells                   Type           Power      Damage    Failure   Level
 Apportation              Tloc           26%        N/A       3%          1
 Necrotise                Necr           52%        1d6       3%          1
 Summon Small Mammal      Summ           52%        N/A       3%          1
 Static Discharge         Conj/Air       26%        2-4/arc   4%          2
 Call Canine Familiar     Summ           13%        N/A       10%         3
 Dazzling Flash           Conj/Hex       26%        N/A       10%         3
 Portal Projectile        Hex/Tloc       26%        N/A       10%         3
 Airstrike                Air            6%         2d(1-17)  30%         4
 Leda's Liquefaction      Hex/Erth       6%         N/A       30%         4
 Summon Lightning Spire   Summ/Air       13%        N/A       30%         4
 Agony                    Necr           13%        N/A       65%         5
 Silence                  Hex/Air        6%         N/A       65%         5


Dungeon Overview and Level Annotations

Branches:
Dungeon (10/15)            Temple (0/1) D:5
   Lair: D:8-11         Orc: D:9-12

Altars:
Gozag
Hepliaklqana
Makhleb
Nemelex Xobeh
Okawaru
Ru
Trog
Wu Jian

Shops:
D:1 (   D:6 *

Annotations:
D:2 Robin
D:3 1 runed translucent door, Crazy Yiuf


Innate Abilities, Weirdness & Mutations

You have very sharp teeth.
Your uncanny sense of smell can sniff out nearby items.
Your experience applies equally to all skills.
You have a pair of small antennae on your head.
You are partially covered in iridescent scales. (AC +2)
You are strong-willed. (Will+)
You have hidden genetic potential.


Message History

You throw a boomerang of dispersal.
The boomerang of dispersal hits the wight and shatters for extra damage!
The wight blinks!
The wight is almost destroyed.
The wight hits you but does no damage. Something hits you but does no damage.
Deactivating autopickup; reactivate with Ctrl-A.
Something bites you but does no damage. The wight closely misses you.
Something hits you but does no damage. Something barely misses you.
The wight closely misses you. The wight attacks as you move away!
The wight hits you but does no damage.
Throw: boomerang (disperse)
Press: ? - help, Q - select action, (/) - cycle Shift-Dir - straight line, f/p - wight
Aim: a wight, wielding a +0 flail and wearing a +0 robe (almost destroyed, 68% to hit)
You throw a boomerang of dispersal.
The boomerang of dispersal hits the wight and shatters, but does no damage.
The wight is almost destroyed.
The wight barely misses you. The wight hits you but does no damage.
The wight misses you. Something draws life force from you!
* * * LOW HITPOINT WARNING * * *
The wight misses you. x2
The wight misses you. The wight attacks as you move away!
The wight barely misses you. The wight attacks as you move away!
The wight misses you. The wight attacks as you move away!
The wight closely misses you. The wight attacks as you move away!
The wight barely misses you.
A vampire appears from thin air!
Reactivating autopickup.
There is a stone staircase leading down here.
The wight hits you from afar with a +0 halberd.
* * * LOW HITPOINT WARNING * * *
You feel drained. The wight hits you with a +0 flail!
* * * LOW HITPOINT WARNING * * *
You climb downwards.
There is a stone staircase leading up here.
You feel better. The wight hits you with a +3 dagger.
* * * LOW HITPOINT WARNING * * *
The wight hits you but does no damage. The wight hits you with a +3 dagger!
You die...

#.#
#.##.g{<..#.#
..
...########.###
# #.#.# ...# #.
.# .#.# #. ..
#.# #.# # #z#
#.##.##<#
#.....@z#
####.#### #


You could see 2 wights.

Vanquished Creatures
  Psyche (D:9)
  Sigmund (D:3)
  Grum (D:9)
  2 steam dragons
  Edmund (D:6)
  An acid dragon (D:9)
  A water moccasin (D:5)
  2 orc warriors
  3 ice beasts
  3 ogres
  A wolf (D:9)
  2 centaurs
  A phantom (D:5)
  A scorpion (D:6)
  A gnoll sergeant (D:9)
  8 wights
  8 killer bees (D:9)
  2 howler monkeys (D:5)
  2 jellies
  4 hounds
  2 orc priests (D:8)
  A gnoll bouda (D:8)
  7 iguanas
  2 sleepcaps (D:7)
  5 orc wizards
  13 gnolls
  6 adders
  A shadow imp (D:8)
  4 worms
  2 dart slugs
  17 orcs
  6 bats
  4 endoplasms
  4 giant cockroaches (D:1)
  13 goblins
  5 hobgoblins
  7 jackals
  4 quokkas
  6 ball pythons
  3 frilled lizards
  7 kobolds
  4 rats
  A butterfly (D:5)
170 creatures vanquished.

Vanquished Creatures (collateral kills)
  A black bear (D:6)
  A wolf (D:9)
  2 wights (D:9)
  7 killer bees (D:9)
  11 gnolls
22 creatures vanquished.

Vanquished Creatures (others)
  A gnoll (D:9)
  An orc (D:7)
2 creatures vanquished.

Grand Total: 194 creatures vanquished

Notes
Turn   | Place    | Note
-------+----------+-------------------------------------------
     0 | D:1      | Janerl the Gnoll Hunter began the quest for the Orb.
     0 | D:1      | Reached XP level 1. HP: 20/20 MP: 1/1
   214 | D:1      | Reached XP level 2. HP: 26/26 MP: 2/2
   506 | D:1      | Found Cumuwirch's Antique Weapon Boutique.
   644 | D:1      | Reached XP level 3. HP: 31/31 MP: 3/3
   890 | D:2      | Reached skill level 1 in Invocations
  1006 | D:2      | Found a faded altar of an unknown god.
  1122 | D:2      | Reached skill level 1 in Short Blades
  1122 | D:2      | Reached skill level 1 in Long Blades
  1122 | D:2      | Reached skill level 1 in Axes
  1122 | D:2      | Reached skill level 1 in Maces & Flails
  1122 | D:2      | Reached skill level 1 in Polearms
  1122 | D:2      | Reached skill level 1 in Staves
  1122 | D:2      | Reached skill level 1 in Throwing
  1122 | D:2      | Reached skill level 1 in Armour
  1122 | D:2      | Reached skill level 1 in Shields
  1122 | D:2      | Reached skill level 1 in Unarmed Combat
  1122 | D:2      | Reached skill level 1 in Spellcasting
  1122 | D:2      | Reached skill level 1 in Evocations
  1126 | D:2      | Reached XP level 4. HP: 29/38 MP: 5/5
  1210 | D:2      | Reached skill level 1 in Conjurations
  1210 | D:2      | Reached skill level 1 in Hexes
  1210 | D:2      | Reached skill level 1 in Summonings
  1210 | D:2      | Reached skill level 1 in Necromancy
  1210 | D:2      | Reached skill level 1 in Translocations
  1210 | D:2      | Reached skill level 1 in Transmutations
  1210 | D:2      | Reached skill level 1 in Fire Magic
  1210 | D:2      | Reached skill level 1 in Ice Magic
  1210 | D:2      | Reached skill level 1 in Air Magic
  1210 | D:2      | Reached skill level 1 in Earth Magic
  1210 | D:2      | Reached skill level 1 in Poison Magic
  1624 | D:2      | Found an opulent altar of Gozag.
  1967 | D:3      | Noticed Robin
  2011 | D:3      | Reached XP level 5. HP: 43/43 MP: 5/7
  2104 | D:3      | Noticed Sigmund
  2307 | D:3      | Killed Sigmund
  2308 | D:3      | Reached skill level 5 in Fighting
  2308 | D:3      | Reached skill level 5 in Dodging
  2308 | D:3      | Reached XP level 6. HP: 44/51 MP: 7/9
  2661 | D:3      | Found a runed translucent door.
  2662 | D:3      | Noticed Crazy Yiuf
  2987 | D:4      | Reached XP level 7. HP: 45/56 MP: 10/10
  3117 | D:4      | Found a burning altar of Makhleb.
  3664 | D:5      | Entered Level 5 of the Dungeon
  3977 | D:5      | Reached skill level 9 in Ranged Weapons
  4249 | D:5      | Reached XP level 8. HP: 55/63 MP: 12/12
  4649 | D:5      | Found a staircase to the Ecumenical Temple.
  4883 | D:6      | Found Jetzash's General Store.
  4996 | D:6      | Noticed Edmund
  5012 | D:6      | Killed Edmund
  5186 | D:6      | Found an ornate altar of the Wu Jian Council.
  5226 | D:6      | You fall into a shaft and drop 1 floor!
  5258 | D:7      | Found a hazy altar of Hepliaklqana.
  5302 | D:7      | Reached XP level 9. HP: 64/69 MP: 14/14
  5463 | D:7      | Gained mutation: You are partially covered in iridescent
                  | scales. (AC +2) [potion of mutation]
  5463 | D:7      | Gained mutation: You have a pair of small antennae on your
                  | head. [potion of mutation]
  5463 | D:7      | Gained mutation: You have hidden genetic potential. [potion
                  | of mutation]
  5475 | D:7      | Found a bloodstained altar of Trog.
  5664 | D:7      | Reached skill level 5 in Stealth
  6158 | D:8      | Reached skill level 5 in Invocations
  6622 | D:8      | Identified the +1 helmet of Rujoekke {-Cast +Blink rN++
                  | Stlth+}
  7091 | D:9      | Noticed Psyche
  7142 | D:9      | Noticed Grum
  7157 | D:9      | Killed Grum
  7181 | D:9      | Reached skill level 5 in Short Blades
  7181 | D:9      | Reached skill level 5 in Long Blades
  7181 | D:9      | Reached skill level 5 in Axes
  7181 | D:9      | Reached skill level 5 in Maces & Flails
  7181 | D:9      | Reached skill level 5 in Polearms
  7181 | D:9      | Reached skill level 5 in Staves
  7181 | D:9      | Reached skill level 5 in Throwing
  7181 | D:9      | Reached skill level 5 in Armour
  7181 | D:9      | Reached skill level 5 in Shields
  7181 | D:9      | Reached skill level 5 in Unarmed Combat
  7181 | D:9      | Reached skill level 5 in Spellcasting
  7181 | D:9      | Reached skill level 5 in Evocations
  7181 | D:9      | Reached XP level 10. HP: 42/77 MP: 17/17
  7186 | D:9      | Reached skill level 10 in Ranged Weapons
  7269 | D:9      | Killed Psyche
  7282 | D:9      | Gained mutation: You are strong-willed. (Will+) [hidden
                  | potential]
  7880 | D:9      | HP: 2/79 [killer bee (9)]
  8336 | D:9      | Identified the +5 sling of Domination {heavy, Str+4}
  8390 | D:10     | Entered Level 10 of the Dungeon
  8564 | D:10     | Found a sacrificial altar of Ru.
  8569 | D:10     | Found an iron altar of Okawaru.
  8569 | D:10     | Found a sparkling altar of Nemelex Xobeh.
  8663 | D:9      | HP: 1/78 [wight/+0 flail (7)]
  8666 | D:10     | Slain by a wight

Illustrated notes

Levels and vault maps discovered:
D:1:      lemuel_arrival_cross, layout_basic, serial_shops, shop_statue
D:2:      layout_basic, chequers_ecumenical_altar_simple_redux, basic_altar
D:3:      layout_rooms, uniq_sigmund, uniq_robin, uniq_crazy_yiuf_cottage
D:4:      layout_loops_ring, general_overflow_altar, kennysheep_crisscross
D:5:      layout_basic, minmay_temple_entry_butterflies, minmay_joined_circles
D:6:      layout_basic, nicolae_wu_jian_wuxing_cycle, serial_shops, shop,
          uniq_edmund
D:7:      layout_loops_ring, mainiacjoe_overflow_brackets, lemuel_doored_altar
D:8:      layout_rooms
D:9:      kennysheep_seaside_town, layout_irregular_city,
          small_statue_intersection, uniq_grum, uniq_psyche
D:10:     layout_loops_cross, good_gods_temple_1,
          nicolae_qazlal_scattered_showers, mainiacjoe_overflow_cross_hatched,
          grunt_temple_overflow_open

Skill      XL: |  1  2  3  4  5  6  7  8  9 10 |
---------------+-------------------------------+-----
Invocations    | 1 2 3 4 5 6 |  6.0
Short Blades   | 1 2 3 5 |  5.5
Long Blades    | 1 2 3 5 |  5.5
Axes           | 1 2 3 5 |  5.5
Maces & Flails | 1 2 3 5 |  5.5
Polearms       | 1 2 3 5 |  5.5
Staves         | 1 2 3 5 |  5.5
Throwing       | 1 2 3 5 |  5.5
Armour         | 1 2 3 5 |  5.5
Shields        | 1 2 3 5 |  5.5
Unarmed Combat | 1 2 3 5 |  5.5
Spellcasting   | 1 2 3 5 |  5.5
Evocations     | 1 2 3 5 |  5.5
Conjurations   | 1 2 3 4 |  4.5
Hexes          | 1 2 3 4 |  4.5
Summonings     | 1 2 3 4 |  4.5
Necromancy     | 1 2 3 4 |  4.5
Translocations | 1 2 3 4 |  4.5
Transmutations | 1 2 3 4 |  4.5
Fire Magic     | 1 2 3 4 |  4.5
Ice Magic      | 1 2 3 4 |  4.5
Air Magic      | 1 2 3 4 |  4.5
Earth Magic    | 1 2 3 4 |  4.5
Poison Magic   | 1 2 3 4 |  4.5
Fighting       | 5 6 7 |  7.2
Dodging        | 5 6 7 |  7.2
Stealth        | 3 4 5 6 |  6.0
Ranged Weapons | 9 10 | 10.2

Action                     |  1- 3 |  4- 6 |  7- 9 | 10-12 || total
---------------------------+-------+-------+-------+-------++-------
  Melee: Flail             |       |       |   150 |    65 ||   215
         Bite              |       |       |    17 |    12 ||    29
         Punch             |       |       |     8 |     1 ||     9
   Fire: Shortbow          |    73 |   139 |   243 |    16 ||   471
  Throw: Dart              |       |     1 |    13 |    13 ||    27
         Boomerang         |       |       |       |     2 ||     2
  Evoke: Wand              |       |       |     8 |     1 ||     9
    Use: Potion            |       |     5 |     2 |     8 ||    15
         Scroll            |       |     1 |    11 |       ||    12
   Stab: Sleeping          |       |       |     2 |       ||     2
         Invisible         |       |       |       |     1 ||     1
 Armour: Leather armour    |     6 |    56 |   100 |     5 ||   167
         Robe              |       |       |       |    66 ||    66
         Skin              |       |       |       |    15 ||    15
  Dodge: Dodged            |    20 |   104 |   229 |   179 ||   532
